 Dungeon Crawl Stone Soup version 0.28.0-43-g3370ac3207 (webtiles) character file.

Game seed: 13925574611857440965

74 terff the Conjurer (level 4, -2/24 HPs)
             Began as a Deep Elf Conjurer on Mar 21, 2022.
             Killed by nerve-wracking pain
             ... invoked by an orc priest
              (8 damage)
             ... on level 3 of the Dungeon.
             The game lasted 00:07:41 (2527 turns).

terff the Conjurer (Deep Elf Conjurer)              Turns: 2527, Time: 00:07:42

Health: -2/24      AC:  3    Str:  4    XL:     4   Next: 10%
Magic:  10/11      EV: 12    Int: 25    God:
Gold:   156        SH:  0    Dex: 13    Spells: 7/10 levels left

rFire   . . .      SeeInvis .   i - +0 dagger (speed)
rCold   . . .      Faith    .   (no shield)
rNeg    . . .      Spirit   .   a - +1 robe
rPois   .          Reflect  .   (no helmet)
rElec   .          Harm     .   (no cloak)
rCorr   .          Rampage  .   (no gloves)
Will    .....                   (no boots)
Stlth   ++........              (no amulet)
HPRegen 0.08/turn               (no ring)
MPRegen 0.12/turn               (no ring)

@: no status effects
A: no striking features
a: no special abilities


You were on level 3 of the Dungeon.
You visited 1 branch of the dungeon, and saw 4 of its levels.

You collected 156 gold pieces.

Inventory:

Hand Weapons
 h - a +0 dagger
 i - a +0 dagger of speed (weapon)
Armour
 a - a +1 robe (worn)
Scrolls
 d - a scroll of silence
Potions
 b - a potion of heal wounds {unknown}
 c - a potion of flight {unknown}
 e - 2 potions of curing
 j - a potion of invisibility {unknown}


   Skills:
 + Level 2.7 Dodging
 + Level 3.2 Stealth
 + Level 3.7 Spellcasting
 + Level 5.5 Conjurations


You had 7 spell levels left.
You knew the following spells:

 Your Spells              Type           Power      Damage    Failure   Level
a - Magic Dart            Conj           100%       1d8       1%          1
b - Searing Ray           Conj           64%        2d6       1%          2

Your spell library contained the following spells:

 Spells                   Type           Power      Damage    Failure   Level
 Dazzling Flash           Conj/Hex       36%        N/A       9%          3
 Slow                     Hex            16%        N/A       10%         1
 Confusing Touch          Hex            4%         N/A       28%         3
 Vampiric Draining        Necr           4%         2d6       28%         3
 Fulminant Prism          Conj/Hex       9%         3d7       30%         4
 Iskenderun's Mystic Bla  Conj/Tloc      18%        2d6       30%         4


Dungeon Overview and Level Annotations

Branches:
Dungeon (4/15)
 Temple: D:4-7

Altars:
Ru


Message History

Confirm with . or Enter, or press ? or * to list all spells.
Aiming: Magic Dart (safe; 1% risk of failure)
Press: ? - help, Shift-Dir - straight line, f - orc
Aim: an orc, wielding a +0 mace (asleep, 100% to hit)
The magic dart hits the orc.
The orc is almost dead.
The orc shouts!
You hear a shout!
Casting: Magic Dart (safe; 1% risk of failure)
Confirm with . or Enter, or press ? or * to list all spells.
Aiming: Magic Dart (safe; 1% risk of failure)
Press: ? - help, Shift-Dir - straight line, f/p - orc
Aim: an orc, wielding a +0 mace (almost dead, 100% to hit)
The magic dart hits the orc!
You kill the orc!
The orc shouts!
You hear a shout!
Casting: Magic Dart (safe; 1% risk of failure)
Confirm with . or Enter, or press ? or * to list all spells.
Aiming: Magic Dart (safe; 1% risk of failure)
Press: ? - help, Shift-Dir - straight line, f - orc
Aim: an orc, wielding a +0 mace (100% to hit)
The magic dart hits the orc.
The orc is lightly wounded.
An orc comes into view. It is wielding a +0 mace.
An orc wizard comes into view. It is wielding a +0 dagger.
Found 14 gold pieces.
The orc wizard shouts!
The orc hits you with a +0 mace.
The orc wizard points at you and mumbles some strange words.
The puff of flame hits you!
Ouch! That really hurt!
The orc shouts!
The orc priest shouts!
The orc hits you with a +1 flail of holy wrath.
* * * LOW HITPOINT WARNING * * *
The orc priest shouts!
The orc priest closely misses you. The orc barely misses you.
The orc priest calls down the wrath of Beogh upon you.
Pain shoots through your body!
You die...

.....# #)...##.....#.........
.....#### ##....##).##...........
........###.....#..###.(.###.....
.....#...##.....#..# #...# ##....
†###...#....#......###.).# ##....
...#...##...#.####.#.....###.....
........#............#..o........
...............[..o..#o#)..###...
.........>......@.o.oo.#...# ##..
..........###.........##...# ##.
...#.##..## #.........##...# ..
.........########.##.)....o# ...
..##.##.....#####.##....##.. ....
.# #.###.##...................###
# #.....##.†.................
#..#####................ #..
#........


You could see 2 orc priests, an orc wizard and 2 orcs.

Vanquished Creatures
  3 adders
  A worm (D:2)
  A dart slug (D:2)
  2 orcs (D:3)
  4 ball pythons
  3 bats
  2 endoplasms
  A giant cockroach (D:1)
  4 goblins
  4 hobgoblins
  3 jackals (D:2)
  A quokka (D:1)
  4 frilled lizards
  4 kobolds
  3 rats
40 creatures vanquished.

Notes
Turn   | Place    | Note
-------+----------+-------------------------------------------
     0 | D:1      | terff the Deep Elf Conjurer began the quest for the Orb.
     0 | D:1      | Reached XP level 1. HP: 10/10 MP: 6/6
   381 | D:1      | Reached XP level 2. HP: 15/15 MP: 5/8
   390 | D:1      | Learned a level 2 spell: Searing Ray
   832 | D:1      | Reached skill level 5 in Conjurations
  1492 | D:2      | Reached XP level 3. HP: 16/19 MP: 6/9
  1559 | D:2      | Found a sacrificial altar of Ru.
  1944 | D:2      | Found a faded altar of an unknown god.
  2351 | D:3      | Reached XP level 4. HP: 24/24 MP: 7/11
  2527 | D:3      | Killed from afar by an orc priest

Illustrated notes

Levels and vault maps discovered:
D:1:      ebering_trefoil_twist, layout_loops_ring, serial_forest,
          infiniplex_forest_lined_2, infiniplex_forest_clump_small,
          infiniplex_forest_clump_long, infiniplex_forest_end_1,
          infiniplex_forest_lined_2, infiniplex_forest_straight_4,
          minmay_tromino_v4_a
D:2:      layout_loops_ring, shapermc_ecumenical_altar_ellora, basic_altar
D:3:      layout_rooms, hangedman_decor_growths
D:4:      layout_loops_ring, mainiacjoe_overflow_alcove_1,
          nzn_hepliaklqana_mist_gate, ebering_ghost_sewer_f, uniq_eustachio,
          uniq_menkaure, uniq_grinder

Skill      XL: |  1  2 |
---------------+-------+-----
Conjurations   | 5 |  5.5
Stealth        | 3 |  3.2
Dodging        | |  2.7
Spellcasting   | |  3.7

Action                   |  1- 3 |  4- 6 || total
-------------------------+-------+-------++-------
Melee: Unarmed           |     6 |       ||     6
       Dagger            |     2 |     4 ||     6
 Cast: Magic Dart        |    67 |    12 ||    79
       Searing Ray       |     1 |       ||     1
  Use: Scroll            |     7 |       ||     7
Armor: Robe              |     5 |       ||     5
Dodge: Dodged            |    15 |     5 ||    20
